 Dungeon Crawl Stone Soup version 0.19.1 (webtiles) character file.

77280 IqUnlimited the Warrior (level 15, -26/157 HPs)
             Began as a Minotaur Berserker on Nov 30, 2016.
             Was the Champion of Trog.
             Killed from afar by a deep elf knight (39 damage)
             ... with a shard of ice
             ... on level 1 of the Elven Halls.
             The game lasted 01:19:16 (23858 turns).

IqUnlimited the Warrior (Minotaur Berserker)       Turns: 23858, Time: 01:19:17

Health: -26/157    AC: 14    Str: 27    XL:     15   Next: 14%
Magic:  14/14      EV: 20    Int:  2    God:    Trog [******]
Gold:   601        SH:  3    Dex: 14    Spells: 0 memorised, 14 levels left

rFire  . . .     SeeInvis +     i - +2 dire flail (freeze)
rCold  . . .     Gourm    .     I - +2 leather armour of Jigsaw {Slay+3}
rNeg   . . .     Faith    .     (shield currently unavailable)
rPois  .         Spirit   .     t - +2 hat
rElec  +         Reflect  +     r - +0 cloak
rCorr  +         Harm     .     G - +1 pair of gloves
MR     ++...                    P - +0 pair of boots
Stlth  ++........               s - +3 amulet of reflection
                                p - ring of the Messenger {rCorr rElec Str+3 SInv}
                                a - ring of protection from magic

@: exhausted, very slightly contaminated, slowed, very slow
A: retaliatory headbutt, horns 2, blurry vision 1, dopey 1
a: Berserk, Trog's Hand, Brothers in Arms, Burn Spellbooks, Renounce Religion


You were on level 1 of the Elven Halls.
You worshipped Trog.
Trog was exalted by your worship.
You were hungry.

You visited 4 branches of the dungeon, and saw 21 of its levels.

You collected 1882 gold pieces.
You spent 1281 gold pieces at shops.

Inventory:

Hand Weapons
 i - a +2 dire flail of freezing (weapon)
Missiles
 E - 2 needles of sleeping
Armour
 r - a +0 cloak (worn)
 t - a +2 hat (worn)
 C - a +0 buckler
 G - a +1 pair of gloves (worn)
 I - the +2 leather armour of Jigsaw (worn) {Slay+3}
   (You found it on level 9 of the Dungeon)

   It affects your accuracy and damage with ranged weapons and melee attacks
   (+3).
 P - a +0 pair of boots (worn)
 R - the +1 chain mail of Cesysueq {rC+}
   (You found it on level 2 of the Lair of Beasts)

   It protects you from cold.
Jewellery
 a - a ring of protection from magic (left hand)
 c - an uncursed ring of flight
 p - the ring of the Messenger (right hand) {rCorr rElec Str+3 SInv}
   (You bought it in a shop on level 2 of the Orcish Mines)

   [ring of resist corrosion]

   It affects your strength (+3).
   It insulates you from electricity.
   It lets you see invisible.
 s - a +3 amulet of reflection (around neck)
 x - a +5 ring of dexterity
 y - an uncursed ring of protection from fire
 z - the ring of Mistrust {rC- AC+2 Int+5 Slay+5}
   (You bought it in a shop on level 2 of the Orcish Mines)

   [ring of protection]

   It affects your AC (+2).
   It affects your intelligence (+5).
   It affects your accuracy and damage with ranged weapons and melee attacks
   (+5).
   It makes you vulnerable to cold.
 H - a +2 ring of evasion
 O - an uncursed ring of see invisible
 S - an uncursed ring of ice
Wands
 v - a wand of random effects (27/48)
 w - a wand of flame (30/48)
 B - a wand of flame (29/48)
 N - a wand of enslavement (12/24)
 T - a wand of acid (7/15)
 U - a wand of slowing (27/48)
Scrolls
 f - 3 scrolls of blinking
 k - 9 scrolls of remove curse
 m - 2 scrolls of fear
 n - 5 scrolls of recharging
 q - 7 scrolls of teleportation
 D - a scroll of silence
 K - 3 scrolls of enchant armour
Potions
 b - 3 potions of flight
 d - a potion of brilliance {unknown}
 e - 2 potions of degeneration
 g - 3 potions of berserk rage
 h - a potion of beneficial mutation {unknown}
 j - 4 potions of lignification
 l - a potion of magic {unknown}
 o - 8 potions of curing
 u - 2 potions of haste
 J - 2 potions of agility
 M - 3 potions of might
 Q - 2 potions of cure mutation {unknown}
Comestibles
 A - a royal jelly
 L - 5 meat rations
 W - 2 beef jerkies


   Skills:
 + Level 20.8 Fighting
 - Level 14.0 Maces & Flails
 + Level 12.8 Armour
 + Level 12.5 Dodging
 - Level 1.5 Stealth
 - Level 1.4 Shields


You had 14 spell levels left.
You didn't know any spells.

Dungeon Overview and Level Annotations

Branches:
Dungeon (12/15)            Temple (0/1) D:5            Lair (6/6) D:9
  Swamp (0/4) Lair:2        Snake (0/4) Lair:4        Slime (0/5) Lair:6
    Orc (2/2) D:10            Elf (1/3) Orc:2

Altars:
Cheibriados
Dithmenos
Elyvilon
Fedhas
Makhleb
Okawaru
Qazlal
Ru
Sif Muna
Trog
Uskayaw
Xom
Zin
Beogh

Shops:
D:5 *   D:8 *   Orc:2 ==}[

Annotations:
D:6 Sigmund
Lair:6 exclusion: 2 oklob plants


Innate Abilities, Weirdness & Mutations

You reflexively headbutt those who attack you in melee.
You have a pair of horns on your head.
Scrolls take you a little longer to read.
You are dopey. (Int -2)


Message History

Are you sure you want to cancel this blink?
Okay, then.
Really read with blurry vision while enemies are nearby? [Y]es or [N]o only, please.
Really read with blurry vision while enemies are nearby? [Y]es or [N]o only, please.
Really read with blurry vision while enemies are nearby? [Y]es or [N]o only, please.
Really read with blurry vision while enemies are nearby?
The earth elemental disappears in a puff of smoke!
The deep elf knight hits you but does no damage.
You begin reading the scroll.
You continue reading the scroll.
The deep elf knight completely misses you.
Blink to where?
Press: ? - help, Dir - move target cursor You are very lightly contaminated with residual magic.
As you read the scroll of blinking, it crumbles to dust.
The deep elf knight gestures at you while chanting.
The shard of ice hits you!
You die...

#...#.#E.?#
##'##e..#### ##...#...#
##+## #..#.E...#
##...## #...e#####
##.....## #.#e#.#
##.......## ##e§.##
#.........####e..#####
+.........'@))).......$
#......)..####...######
##...)..)## ##.##
##.....## #.# ##...##
#.# ##'## #.# #.# #.#
####.# .# ##....##


You could see a deep elf knight.

Vanquished Creatures
  Gastronok (D:12)
  Nessos (D:12)
  Fannar (Lair:3)
  The ghost of Sin92 the Carver, a journeyman MiFi (Orc:1)
  4 catoblepae
  The ghost of Orthose the Spear-Bearer, a journeyman DsGl of Dithmenos (Lair:1)
  7 hydras
  4 dancing weapons (Elf:1)
  7 death yaks (Lair:6)
  Urug (Lair:3)
  7 orc high priests
  2 deep elf knights (Elf:1)
  Nergalle (D:12)
  An unseen horror (D:11)
  17 deep elf magi (Elf:1)
  2 deep elf archers (Elf:1)
  A hill giant (D:12)
  Pikel (D:5)
  An orc knight (D:10)
  2 ugly things
  An orc sorcerer (Orc:1)
  An oklob plant (Lair:5)
  16 elephants
  An elephant (shapeshifter) (Elf:1)
  The ghost of IqUnlimited the Cudgeler, a novice MiBe of Trog (D:4)
  5 black mambas
  12 spiny frogs
  A gargoyle (D:10)
  3 rime drakes
  6 komodo dragons
  4 trolls
  A two-headed ogre (D:12)
  7 blink frogs
  9 hippogriffs
  6 dream sheep (Lair:5)
  7 hogs
  A vampire (D:11)
  49 yaks
  A wyvern (D:11)
  A human (D:7)
  A hungry ghost (D:11)
  2 fire elementals (Elf:1)
  A basilisk (Lair:2)
  4 wargs (Orc:2)
  2 nagas (Lair:4)
  11 water moccasins
  4 porcupines
  3 black bears (D:7)
  11 orc warriors
  7 sky beasts
  5 ice beasts
  5 phantoms
  3 necrophages
  10 ogres
  The ghost of Janus the Shield-Bearer, an amateur FoFi (D:3)
  2 centaurs
  13 crocodiles
  18 bullfrogs
  3 big kobolds
  A wyvern zombie (D:7)
  6 scorpions
  7 killer bees (D:11)
  An electric eel (Lair:6)
  A bullfrog zombie (D:12)
  6 crimson imps
  A quasit (D:10)
  A centaur zombie (D:8)
  36 orc priests
  2 bullfrog skeletons
  13 hounds
  3 jellies
  4 centaur skeletons
  3 iguanas
  13 orc wizards
  13 worker ants
  A hound zombie (D:5)
  A hound skeleton (D:8)
  7 gnolls
  12 adders
  2 shadow imps
  2 adder zombies
  4 worms
  6 leopard geckos
  104 orcs
  6 giant cockroaches
  7 goblins
  8 hobgoblins
  9 jackals
  18 kobolds
  6 quokkas
  4 ball pythons
  5 bats
  9 frilled lizards
  A leopard gecko skeleton (D:7)
  A quokka zombie (D:9)
  7 rats
  A bush (Lair:6)
  2 fungi
  A plant (Lair:3)
637 creatures vanquished.

Vanquished Creatures (collateral kills)
  Kirke (Lair:5)
  A komodo dragon (Lair:5)
  3 orc priests (Orc:1)
5 creatures vanquished.

Vanquished Creatures (others)
  A worm (D:5)
  A frilled lizard (D:5)
  12 fungi
  5 plants (Lair:6)
19 creatures vanquished.

Grand Total: 661 creatures vanquished

Notes
Turn   | Place    | Note
-------+----------+-------------------------------------------
     0 | D:1      | IqUnlimited the Minotaur Berserker began the quest for the Orb.
     0 | D:1      | Reached XP level 1. HP: 19/19 MP: 0/0
   251 | D:1      | Reached skill level 4 in Fighting
   349 | D:1      | Reached XP level 2. HP: 27/27 MP: 1/1
   553 | D:1      | Reached ** piety under Trog
  1016 | D:2      | Reached XP level 3. HP: 33/33 MP: 2/2
  1817 | D:4      | Reached XP level 4. HP: 25/41 MP: 3/3
  1819 | D:4      | Reached skill level 5 in Maces & Flails
  1824 | D:4      | Reached XP level 5. HP: 29/47 MP: 4/4
  2065 | D:3      | Noticed Janus's ghost (amateur FoFi)
  2073 | D:3      | Reached *** piety under Trog
  2078 | D:3      | Killed Janus's ghost
  2078 | D:3      | Reached XP level 6. HP: 55/55 MP: 5/5
  2147 | D:3      | Found a burning altar of Makhleb.
  2187 | D:3      | Reached skill level 5 in Fighting
  2467 | D:3      | Reached skill level 5 in Armour
  2545 | D:4      | Found a stormy altar of Qazlal.
  2549 | D:4      | Found a blossoming altar of Fedhas.
  2551 | D:4      | Noticed IqUnlimited's ghost (novice MiBe)
  3167 | D:4      | Reached XP level 7. HP: 44/61 MP: 6/6
  3677 | D:4      | Reached skill level 6 in Fighting
  3707 | D:4      | Killed IqUnlimited's ghost
  3707 | D:4      | Reached XP level 8. HP: 71/71 MP: 7/7
  3889 | D:4      | Found a shadowy altar of Dithmenos.
  4059 | D:5      | Entered Level 5 of the Dungeon
  4120 | D:5      | Found a sacrificial altar of Ru.
  4189 | D:5      | Found a white marble altar of Elyvilon.
  4190 | D:5      | Found an iron altar of Okawaru.
  4190 | D:5      | Found a hide-covered altar of Uskayaw.
  4192 | D:5      | Found a snail-covered altar of Cheibriados.
  4226 | D:5      | Reached skill level 1 in Stealth
  4229 | D:5      | Reached skill level 7 in Fighting
  4238 | D:5      | Noticed Pikel
  4251 | D:5      | Killed Pikel
  4251 | D:5      | Reached skill level 10 in Maces & Flails
  4251 | D:5      | Reached XP level 9. HP: 23/79 MP: 8/8
  4411 | D:4      | Reached **** piety under Trog
  4845 | D:5      | Found Oqaupt's General Store.
  4852 | D:5      | Bought a scroll of identify for 22 gold pieces
  4852 | D:5      | Bought a scroll of random uselessness for 11 gold pieces
  5181 | D:5      | Found a staircase to the Ecumenical Temple.
  5251 | D:6      | Received a gift from Trog
  5614 | D:6      | Noticed Sigmund
  5655 | D:7      | Found a bloodstained altar of Trog.
  5667 | D:7      | Reached skill level 8 in Fighting
  6110 | D:6      | Found a shimmering altar of Xom.
  6615 | D:7      | Reached skill level 9 in Fighting
  6615 | D:7      | Reached XP level 10. HP: 91/91 MP: 9/9
  7029 | D:7      | Found a glowing silver altar of Zin.
  7643 | D:8      | Found Qiejikh's Serpentskin Sales.
  7655 | D:8      | Reached ***** piety under Trog
  7660 | D:8      | Reached skill level 1 in Shields
  7779 | D:8      | Found a shimmering altar of Xom.
  7906 | D:8      | Found a deep blue altar of Sif Muna.
  8273 | D:9      | Received a gift from Trog
  8579 | D:9      | Reached skill level 10 in Armour
  8724 | D:9      | Reached skill level 10 in Fighting
  8821 | D:9      | Got a scorched leather armour
  8832 | D:9      | Identified the +2 leather armour of Jigsaw {Slay+3} (You found it on level 9 of the Dungeon)
  8878 | D:9      | Found a staircase to the Lair.
  8948 | D:9      | Reached XP level 11. HP: 66/101 MP: 10/10
  9439 | D:10     | Entered Level 10 of the Dungeon
  9711 | D:10     | Reached skill level 11 in Fighting
  9880 | D:10     | Found a staircase to the Orcish Mines.
 10456 | D:11     | Noticed a purple ugly thing
 10476 | D:11     | Killed a purple ugly thing
 10734 | D:11     | Killed an unseen horror
 10734 | D:11     | Reached skill level 12 in Fighting
 11355 | D:12     | Identified a scroll of acquirement
 11366 | D:12     | Noticed a cyan ugly thing
 11374 | D:12     | Killed a cyan ugly thing
 11374 | D:12     | Reached skill level 5 in Dodging
 11654 | D:12     | Identified a +0 rod of shadows (9/9) (You found it on level 12 of the Dungeon)
 11677 | D:12     | Noticed Gastronok
 11692 | D:12     | Killed Gastronok
 11692 | D:12     | Reached skill level 13 in Fighting
 11708 | D:12     | Noticed a hill giant
 11722 | D:12     | Killed a hill giant
 11722 | D:12     | Reached XP level 12. HP: 88/115 MP: 11/11
 11955 | D:12     | Noticed Nergalle
 11967 | D:12     | Killed Nergalle
 11967 | D:12     | Reached skill level 14 in Fighting
 12066 | D:12     | Noticed Nessos
 12079 | D:12     | Killed Nessos
 12680 | Orc:1    | Entered Level 1 of the Orcish Mines
 12758 | D:10     | Reached ****** piety under Trog
 12941 | Orc:1    | Received a gift from Trog
 13014 | Orc:1    | Noticed Sin92's ghost (journeyman MiFi)
 13023 | Orc:1    | Killed Sin92's ghost
 13371 | Orc:1    | Reached skill level 15 in Fighting
 13767 | Lair:1   | Entered Level 1 of the Lair of Beasts
 14138 | Lair:1   | Noticed Orthose's ghost (journeyman DsGl)
 14149 | Lair:1   | Killed Orthose's ghost
 14572 | Lair:2   | Found a staircase to the Swamp.
 14701 | Lair:2   | Got a dazzling chain mail
 14703 | Lair:2   | Identified the +1 chain mail of Cesysueq {rC+} (You found it on level 2 of the Lair of Beasts)
 15377 | Lair:3   | Noticed Fannar
 15388 | Lair:3   | Killed Fannar
 15727 | Lair:3   | Noticed a catoblepas
 15747 | Lair:3   | Killed a catoblepas
 15747 | Lair:3   | Reached skill level 16 in Fighting
 15944 | Lair:3   | Noticed Urug
 15953 | Lair:3   | Killed Urug
 15996 | Lair:3   | Received a gift from Trog
 15996 | Lair:3   | Reached XP level 13. HP: 127/129 MP: 12/12
 16587 | Lair:4   | Found a staircase to the Snake Pit.
 16715 | Lair:4   | Reached skill level 17 in Fighting
 17823 | Lair:5   | Reached skill level 18 in Fighting
 17827 | Lair:5   | Received a gift from Trog
 18897 | Lair:6   | Entered Level 6 of the Lair of Beasts
 18900 | Lair:6   | Noticed Kirke
 18908 | Lair:5   | Reached skill level 10 in Dodging
 19199 | Lair:5   | Killed Kirke
 19664 | Lair:6   | Reached XP level 14. HP: 131/144 MP: 13/13
 20218 | Lair:6   | Reached skill level 19 in Fighting
 20868 | Lair:6   | Got a pitted demon whip
 20869 | Lair:6   | Identified the Incunabulum of Shape Shifting
 20874 | Lair:6   | Lost intelligence.
 20874 | Lair:6   | Identified the +2 demon whip of Somewhere Else {slash, rN+++ Int-4 Dex-5 Stlth+} (You found it on level 6 of the Lair of Beasts)
 21114 | Lair:6   | Found a staircase to the Slime Pits.
 21519 | Orc:2    | Entered Level 2 of the Orcish Mines
 21548 | Orc:2    | Found a staircase to the Elven Halls.
 22124 | Orc:2    | Gained mutation: You are dopey. (Int -2) [a neqoxec]
 22125 | Orc:2    | Gained mutation: Scrolls take you a little longer to read. [a neqoxec]
 22130 | Orc:2    | Reached skill level 20 in Fighting
 22237 | Orc:2    | Found a roughly hewn altar of Beogh.
 22254 | Orc:2    | Found Reoloido's Jewellery Shoppe.
 22254 | Orc:2    | Found Dosaampo's Jewellery Boutique.
 22606 | Orc:2    | Found Sisivav's Gadget Shoppe.
 22624 | Orc:2    | Found Mebo's Antique Armour Boutique.
 22684 | Orc:2    | Bought the ring of the Messenger {rCorr rElec Str+3 SInv} for 667 gold pieces
 22695 | Orc:2    | Bought the ring of Mistrust {rC- AC+2 Int+5 Slay+5} for 581 gold pieces
 23079 | Elf:1    | Entered Level 1 of the Elven Halls
 23580 | Elf:1    | Reached XP level 15. HP: 122/156 MP: 14/14
 23827 | Elf:1    | Received a gift from Trog
 23858 | Elf:1    | Killed from afar by a deep elf knight

Skill      XL: |  1  2  3  4  5  6  7  8  9 10 11 12 13 14 |
---------------+-------------------------------------------+-----
Fighting       | 4 5 6 7 9 10 13 16 18 20 | 20.8
Maces & Flails | 4 5 6 7 8 10 12 13 14 | 14.0
Armour         | 3 4 5 6 7 9 10 11 12 | 12.8
Dodging        | 3 5 8 10 12 | 12.5
Stealth        | 1 |  1.5
Shields        | 1 |  1.4

Action                   |  1- 3 |  4- 6 |  7- 9 | 10-12 | 13-15 || total
-------------------------+-------+-------+-------+-------+-------++-------
Melee: Mace              |    97 |   113 |   114 |       |       ||   324
       Headbutt          |    11 |    25 |    63 |   148 |   192 ||   439
       Whip              |       |       |   213 |    91 |       ||   304
       Dire flail        |       |       |       |   633 |   636 ||  1269
       Unarmed           |       |       |       |       |     3 ||     3
Invok: Burn Spellbooks   |     1 |       |     1 |     6 |     2 ||    10
       Berserk           |     1 |     1 |     3 |     4 |     3 ||    12
       Brothers in Arms  |       |       |       |     2 |     1 ||     3
  Use: Scroll            |     7 |     5 |     7 |    16 |     7 ||    42
       Potion            |       |       |       |       |     1 ||     1
 Stab: Sleeping          |       |       |       |     2 |     1 ||     3
       Distracted        |       |       |       |       |     1 ||     1
  Eat: Fruit             |     2 |       |       |     2 |       ||     4
       Bread ration      |     1 |       |     3 |     2 |     5 ||    11
       Pizza             |       |     2 |       |     7 |     1 ||    10
       Chunk             |       |       |       |     1 |       ||     1
       Meat ration       |       |       |       |     1 |       ||     1
       Beef jerky        |       |       |       |     4 |     2 ||     6
       Royal jelly       |       |       |       |     1 |       ||     1
Armor: Ring mail         |    45 |    27 |    67 |       |       ||   139
       Chain mail        |       |       |    14 |    84 |     6 ||   104
       Leather armour    |       |       |       |    78 |    95 ||   173
Dodge: Dodged            |    78 |    62 |   150 |   306 |   431 ||  1027
Block: Other             |       |       |    17 |    55 |    49 ||   121
       Reflection        |       |       |       |     3 |     1 ||     4
